 Dungeon Crawl Stone Soup version 0.23.2-1-ga50397a (webtiles) character file.

Game seed: 320975725637178895

25 IBeShadow the Skirmisher (level 2, -2/24 HPs)
             Began as a Demonspawn Chaos Knight on May 20, 2019.
             Was a Plaything of Xom.
             Slain by a chaos spawn (11 damage)
             ... summoned by the severe capriciousness of Xom
             ... on level 1 of the Dungeon.
             The game lasted 00:00:48 (390 turns).

IBeShadow the Skirmisher (Demonspawn Chaos Knight)   Turns: 390, Time: 00:00:48

Health: -2/24      AC:  5    Str: 12    XL:     2   Next: 86%
Magic:  2/2        EV: 11    Int: 13    God:    Xom [......]
Gold:   27         SH:  0    Dex: 12    Spells: 1/1 levels left

rFire    . . .     SeeInvis .   a - +0 mace (chaos)
rCold    . . .     Gourm    .   (no shield)
rNeg     . . .     Faith    .   b - +2 leather armour
rPois    .         Spirit   .   (no helmet)
rElec    .         Reflect  .   (no cloak)
rCorr    .         Harm     .   (no gloves)
MR       .....                  (no boots)
Stlth    +.........             (no amulet)
HPRegen  0.08/turn              (no ring)
MPRegen  0.08/turn              (no ring)

@: about to teleport
A: demonic guardian 1
a: Renounce Religion


You were on level 1 of the Dungeon.
You worshipped Xom.
You were a very special plaything of Xom.
You were not hungry.

You visited 1 branch of the dungeon, and saw 1 of its levels.

You collected 27 gold pieces.

Inventory:

Hand Weapons
 a - a +0 mace of chaos (weapon)
Armour
 b - a +2 leather armour (worn)
Scrolls
 e - 2 scrolls of amnesia {unknown}
Potions
 h - a potion of curing {unknown}
Comestibles
 c - a ration
 g - 6 chunks of flesh


   Skills:
 + Level 3.6 Fighting
 + Level 3.2 Maces & Flails
 - Level 1.7 Armour
 - Level 0.8 Dodging


You had one spell level left.
You didn't know any spells.
Your spell library was empty.

Dungeon Overview and Level Annotations

Branches:
Dungeon (1/15)

Altars:


Innate Abilities, Weirdness & Mutations

A weak demonic guardian rushes to your aid.


Message History

There is something else lying underneath.
The floor, spattered with blood.
The red devil hops backward while attacking.
The red devil hits you from afar with a +2 trident of piercing!
Unknown command.
You swap places.
As you read the scroll labeled PATUON DYUL, it crumbles to dust.
You feel blessed for a moment.
It was a scroll of remove curse.
Your white imp gestures at the red devil.
The puff of frost hits the red devil!
The red devil is frozen!
Unknown command.
Okay, then.
Your white imp misses the red devil.
The red devil hits your shadow imp with a +2 trident of piercing!!
Your shadow imp dies!
As you read the scroll labeled NEUMAIVAKY, it crumbles to dust.
You feel strangely unstable.
It was a scroll of teleportation.
Your white imp completely misses the red devil.
The chaos spawn gores you!
You die...

########################
........Z..#............
.....#####Z#.....)......
.....# #.#............
.....# #.#............
.....## #.# #@.......
......# #.# #4.......
......# ##.#####4.......
...............#........
#.#+#######....#รท5......
..# .# #.............
#######.# #.............
.....)..###...........##
......................#


You could see a chaos spawn, a red devil and a friendly white imp.

Vanquished Creatures
  A leopard gecko (D:1)
  2 giant cockroaches (D:1)
  4 goblins (D:1)
  A hobgoblin (D:1)
  7 jackals (D:1)
  A kobold (D:1)
  2 ball pythons (D:1)
  A bat (D:1)
  A rat (D:1)
20 creatures vanquished.

Notes
Turn   | Place    | Note
-------+----------+-------------------------------------------
     0 | D:1      | IBeShadow the Demonspawn Chaos Knight began the quest for
                  | the Orb.
     0 | D:1      | Reached XP level 1. HP: 18/18 MP: 1/1
   123 | D:1      | Gained mutation: A weak demonic guardian rushes to your
                  | aid. [demonic ancestry]
   123 | D:1      | Reached XP level 2. HP: 24/24 MP: 2/2
   157 | D:1      | XOM: harmless Ice miscast
   179 | D:1      | XOM: 3-stop teleportation journey
   384 | D:1      | XOM: severe Summ miscast
   385 | D:1      | Noticed a red devil
   385 | D:1      | Noticed a chaos spawn
   390 | D:1      | Slain by a chaos spawn

Skill      XL: |  1 |
---------------+----+-----
Maces & Flails | 3 |  3.2
Fighting       | |  3.6
Armour         | |  1.7
Dodging        | |  0.8

Action                   || total
-------------------------++-------
Melee: Mace              ||    54
  Use: Scroll            ||     2
 Stab: Paralysed         ||     2
Armor: Leather armour    ||    27
Dodge: Dodged            ||    48
